 Dungeon Crawl Stone Soup version 0.27.1-35-g4d5d836560 (webtiles) character file.

Game seed: 932187118194459225

553 Delamore the Cutter (level 7, -3/45 HPs)
             Began as an Octopode Brigand on May 17, 2022.
             Was an Initiate of Gozag.
             Slain by Duvessa (15 damage)
             ... on level 5 of the Dungeon.
             The game lasted 00:06:03 (5334 turns).

Delamore the Cutter (Octopode Brigand)              Turns: 5334, Time: 00:06:04

Health: -3/45      AC:  1    Str: 11    XL:     7   Next: 29%
Magic:  7/7        EV: 12    Int: 19    God:    Gozag
Gold:   34         SH:  0    Dex: 15    Spells: 6/6 levels left

rFire    . . .     SeeInvis .   a - +2 dagger
rCold    . . .     Faith    .   (no shield)
rNeg     . . .     Spirit   .   (helmet restricted)
rPois    .         Reflect  .   (no amulet)
rElec    .         Harm     .   m - +6 ring of intelligence
rCorr    .         Rampage  .   (no ring)
Will     .....                  (no ring)
Stlth    ++++......             (no ring)
HPRegen  0.15/turn              (no ring)
MPRegen  0.10/turn              (no ring)
                                (no ring)
                                (no ring)

@: gold aura
A: almost no armour, amphibious, 8 rings, camouflage 1, gelatinous body 1,
(nimble swimmer 1), tentacles
a: Renounce Religion, Potion Petition, Call Merchant, Bribe Branch


You were on level 5 of the Dungeon.
You worshipped Gozag.
Gozag was noncommittal.
You visited 2 branches of the dungeon, and saw 6 of its levels.

You collected 181 gold pieces.
You spent 78 gold pieces at shops.
You paid 69 gold pieces to Gozag.

Inventory:

Hand Weapons
 a - a +2 dagger (weapon)
Missiles
 q - 40 stones (quivered)
Jewellery
 m - a +6 ring of intelligence (left tentacle)
Scrolls
 c - a scroll of magic mapping
 e - a scroll of blinking
 f - 2 scrolls of amnesia
 i - a scroll of noise
 k - 3 scrolls of teleportation
 l - a scroll of holy word
 p - 2 scrolls of fear
 t - a scroll of summoning {unknown}
Potions
 b - 2 potions of lignification {unknown}
 h - 2 potions of cancellation {unknown}
 j - a potion of brilliance
 n - a potion of degeneration
 r - a potion of ambrosia {unknown}
 s - a potion of magic {unknown}


   Skills:
 - Level 2.0 Fighting
 * Level 6.4 Short Blades
 + Level 4.6 Throwing
 - Level 1.0 Dodging
 - Level 5.3 Stealth


You had 6 spell levels left.
You didn't know any spells.
Your spell library contained the following spells:

 Spells                   Type           Power      Damage    Failure   Level
 Magic Dart               Conj           0%         1d3       21%         1
 Sandblast                Erth           0%         2d4       21%         1
 Call Imp                 Summ           0%         N/A       30%         2
 Passwall                 Tmut/Erth      0%         N/A       30%         2
 Slow                     Hex            0%         N/A       30%         2
 Sublimation of Blood     Necr           0%         N/A       30%         2
 Confusing Touch          Hex            0%         N/A       52%         3
 Mephitic Cloud           Conj/Pois/Air  0%         N/A       52%         3
 Portal Projectile        Hex/Tloc       0%         N/A       52%         3
 Vampiric Draining        Necr           0%         2d6       52%         3
 Petrify                  Tmut/Erth      0%         N/A       90%         4
 Blade Hands              Tmut           0%         N/A       99%         5
 Excruciating Wounds      Necr           0%         N/A       99%         5
 Irradiate                Conj/Tmut      0%         3d14      99%         5
 Lee's Rapid Deconstruct  Erth           0%         3d5*      99%         5


Dungeon Overview and Level Annotations

Branches:
Dungeon (5/15)             Temple (1/1) D:5

Altars:
Ashenzari
Cheibriados
Dithmenos
Elyvilon
Gozag
Hepliaklqana
Kikubaaqudgha
Makhleb
Nemelex Xobeh
Okawaru
Qazlal
Ru
Uskayaw
Vehumet
Xom
Yredelemnul
The Shining One

Shops:
D:4 ?

Annotations:
D:5 Duvessa


Innate Abilities, Weirdness & Mutations

You cannot wear most types of armour.
You are amphibious.
You can wear up to eight rings at the same time.
Your skin changes colour to match your surroundings (Stealth+).
Your rubbery body absorbs attacks. (AC +1, EV +1)
((You are camouflaged near water. (Stealth+)))
You have tentacles for arms and can constrict up to eight enemies at once.


Message History

You throw a stone.
The stone hits Dowan but does no damage.
You barely miss Dowan. Your grab misses Dowan. You squeeze Dowan!
Dowan is moderately wounded.
Dowan hits you with a +0 dagger.
You hit Dowan. You grab Dowan.
Dowan is heavily wounded.
You constrict Dowan, but do no damage. You hit Dowan.
Dowan is severely wounded.
You constrict Dowan. Dowan hits you with a +0 dagger.
Duvessa gestures with her weapon.
You completely miss Dowan.
Dowan is almost dead.
You constrict Dowan, but do no damage.
Dowan casts a spell at Duvessa.
Duvessa seems to speed up.
You hit Dowan.
Dowan is almost dead.
You constrict Dowan. You hit Dowan. You squeeze Dowan.
You kill Dowan!
Duvessa screams, "No!
How DARE you!"
Duvessa shakes off her lethargy.
Duvessa goes berserk!
Duvessa rages.
You barely miss Duvessa. You grab Duvessa. You squeeze Duvessa.
Duvessa is almost dead.
You constrict Duvessa, but do no damage.
Duvessa hits you with a +2 short sword of speed.
You hit Duvessa but do no damage.
Duvessa is almost dead.
You constrict Duvessa, but do no damage.
Duvessa hits you with a +2 short sword of speed!!
* * * LOW HITPOINT WARNING * * *
You hit Duvessa but do no damage.
Duvessa is almost dead.
You constrict Duvessa.
Duvessa hits you with a +2 short sword of speed!
You die...
Your body crumbles into a pile of gold.

...!......# .#
(.$......# ######.##
(........# ##.......###
........# ...........
..(.....# #..........
.......## #..........
......## #.....!....
......# #####.........
#...#.#####.....@e......
#####.......####.$......
#..$##### ##.(..... ##
##$### ..(.... .###.(#
#..(... .....## #.....
....## ##((. .(...## #.(
.>..$.#


You could see Duvessa (berserk, fast, very poisoned).

Vanquished Creatures
  Blork the orc (D:4)
  2 scorpions
  Dowan (D:5)
  A bullfrog zombie (D:4)
  A hound (D:2)
  An iguana (D:4)
  An orc wizard (D:4)
  4 gnolls
  6 adders
  An ufetubus (D:5)
  2 worms
  2 dart slugs
  14 orcs
  5 endoplasms
  2 giant cockroaches
  10 goblins
  4 hobgoblins
  7 kobolds
  A quokka (D:2)
  13 ball pythons
  3 bats
  14 frilled lizards
  6 rats
102 creatures vanquished.

Vanquished Creatures (others)
  A kobold (D:4)
  8 plants (D:4)
  5 toadstools (D:1)
14 creatures vanquished.

Grand Total: 116 creatures vanquished

Notes
Turn   | Place    | Note
-------+----------+-------------------------------------------
     0 | D:1      | Delamore the Octopode Brigand began the quest for the Orb.
     0 | D:1      | Reached XP level 1. HP: 14/14 MP: 1/1
   560 | D:1      | Reached XP level 2. HP: 19/19 MP: 2/2
  1029 | D:2      | Reached skill level 3 in Short Blades
  1032 | D:2      | Reached XP level 3. HP: 24/24 MP: 3/3
  1181 | D:2      | Found a faded altar of an unknown god.
  1758 | D:2      | Reached XP level 4. HP: 23/29 MP: 4/4
  1835 | D:3      | Reached skill level 4 in Short Blades
  2263 | D:3      | Reached XP level 5. HP: 18/34 MP: 5/5
  3301 | D:4      | Noticed Blork the orc
  3327 | D:4      | Found Cygezeol's Magic Scroll Emporium.
  3361 | D:4      | Killed Blork the orc
  3362 | D:4      | Reached skill level 5 in Short Blades
  3362 | D:4      | Reached XP level 6. HP: 28/39 MP: 6/6
  3463 | D:4      | Bought a scroll of fear for 42 gold pieces
  3463 | D:4      | Bought a scroll of teleportation for 36 gold pieces
  4128 | D:4      | Found an iron altar of Okawaru.
  4297 | D:5      | Entered Level 5 of the Dungeon
  4297 | D:5      | Found a staircase to the Ecumenical Temple.
  4304 | Temple   | Entered the Ecumenical Temple
  4385 | Temple   | Became a worshipper of Gozag Ym Sagoz the Greedy
  4417 | Temple   | Reached skill level 6 in Short Blades
  4722 | D:5      | Reached XP level 7. HP: 31/45 MP: 7/7
  4978 | D:5      | HP: 2/45 [poisoned by a scorpion]
  5316 | D:5      | Noticed Duvessa
  5318 | D:5      | Noticed Dowan
  5331 | D:5      | Killed Dowan
  5334 | D:5      | Slain by Duvessa

Illustrated notes

Levels and vault maps discovered:
D:1:      ldierk_walled_garden, layout_basic,
          hangedman_abyss_or_decor_lesser_grid
D:2:      layout_basic, serial_glass, glass_columns_a, glass_columns_c,
          minmay_strange_pillars, feat_on_display, item_on_display_a,
          dreamdust_ecumenical_altar_statues
D:3:      layout_basic, kennysheep_generic_room_11
D:4:      layout_cave_pools, okawaru_altar_gauntlet_db, serial_shops,
          nicolae_inconvenience_store, minmay_lizard_king, uniq_blork_the_orc
D:5:      layout_cave_pods, minmay_temple_entry_slanted,
          minmay_tree_intersection, uniq_duvessa, uniq_grinder
Temple:   regret_index_temple_chain_breaker

Skill      XL: |  1  2  3  4  5  6 |
---------------+-------------------+-----
Short Blades   | 3 4 5 6 |  6.4
Throwing       | 3 4 |  4.6
Fighting       | |  2.0
Dodging        | |  1.0
Stealth        | |  5.3

Action                   |  1- 3 |  4- 6 |  7- 9 || total
-------------------------+-------+-------+-------++-------
Melee: Dagger            |    57 |   132 |    30 ||   219
       Constrict         |    13 |    28 |     6 ||    47
       Tentacles         |    11 |    21 |     7 ||    39
Throw: Dart              |     1 |    22 |     7 ||    30
       Stone             |       |    46 |    14 ||    60
  Use: Scroll            |     1 |     4 |       ||     5
       Potion            |       |     5 |       ||     5
 Stab: Sleeping          |    12 |     4 |       ||    16
       Distracted        |     1 |       |       ||     1
Armor: Skin              |     4 |     6 |     1 ||    11
Dodge: Dodged            |    21 |    70 |     7 ||    98
